 Dungeon Crawl Stone Soup version 0.25.1-2-g60ff931df9 (webtiles) character file.

Game seed: 6762917904803360853

674 Joeren the Firebug (level 7, -7/46 HPs)
             Began as a Formicid Fire Elementalist on Aug 27, 2020.
             Mangled by an orc priest
             ... wielding a +0 flail
              (9 damage)
             ... on level 5 of the Dungeon.
             The game lasted 00:33:57 (5121 turns).

Joeren the Firebug (Formicid Fire Elementalist)     Turns: 5121, Time: 00:33:57

Health: -7/46      AC:  5    Str: 13    XL:     7   Next: 90%
Magic:  9/14       EV: 12    Int: 16    God:
Gold:   166        SH:  5    Dex: 11    Spells: 8/16 levels left

rFire    . . .     SeeInvis +   g - +1 dagger (elec)
rCold    . . .     Gourm    .   (no shield)
rNeg     . . .     Faith    .   p - +1 robe {MR+}
rPois    .         Spirit   .   (helmet unavailable)
rElec    .         Reflect  +   (no cloak)
rCorr    .         Harm     .   (no gloves)
MR       +....                  l - +1 pair of boots
Stlth    ++........             n - amulet of reflection
HPRegen  0.15/turn              (no ring)
MPRegen  0.14/turn              (no ring)

@: no status effects
A: permanent stasis, dig shafts and tunnels, four strong arms, antennae 3
a: Dig, Shaft Self


You were on level 5 of the Dungeon.
You were not hungry.

You visited 1 branch of the dungeon, and saw 6 of its levels.

You collected 166 gold pieces.

Inventory:

Hand Weapons
 a - a +0 dagger
 g - a +1 dagger of electrocution (weapon)
Missiles
 h - 2 boomerangs of dispersal
 m - 187 stones (quivered)
 q - 8 poisoned darts
Armour
 e - a +0 robe
 l - a +1 pair of boots (worn)
 p - a +1 robe of magic resistance (worn)
Jewellery
 k - an uncursed amulet of the acrobat
 n - an amulet of reflection (around neck)
Wands
 j - a wand of flame (9)
 u - a wand of random effects (33)
Scrolls
 b - 6 scrolls of identify
 f - 2 scrolls of teleportation
 i - a scroll of fear
 o - 3 scrolls of remove curse
 s - a scroll of amnesia {unknown}
Potions
 r - 2 potions of flight
 t - a potion of curing {unknown}
 v - a potion of invisibility {unknown}
Comestibles
 c - 12 rations


   Skills:
 - Level 1.7 Dodging
 - Level 2.4 Stealth
 + Level 5.0 Spellcasting
 + Level 4.2 Conjurations
 + Level 5.5 Fire Magic


You had 8 spell levels left.
You knew the following spells:

 Your Spells              Type           Power        Failure   Level  Hunger
a - Foxfire               Conj/Fire      ###.         1%          1    None
b - Conjure Flame         Conj/Fire      ###.....     6%          3    ###....
c - Sticky Flame          Conj/Fire      ###.....     21%         4    ####...

Your spell library contained the following spells:

 Spells                   Type           Power        Failure   Level  Hunger
 Inner Flame              Hex/Fire       ##......     14%         3    ###....
 Fireball                 Conj/Fire      ###.......   50%         5    ######.


Dungeon Overview and Level Annotations

Branches:
Dungeon (6/15)
 Temple: D:4-7

Altars:
Ashenzari
Elyvilon
Gozag
Yredelemnul

Annotations:
D:3 exclusion: downstairs
D:4 Dowan, Duvessa
D:5 exclusions: door, upstairs and 1 more exclusion


Innate Abilities, Weirdness & Mutations

You cannot be hasted, slowed, berserked, paralysed or teleported.
You can dig through walls and to a lower floor.
Your four strong arms can wield two-handed weapons with a shield.
You have a pair of large antennae on your head. (SInv)


Message History

Press: ? - help, Shift-Dir - straight line, f - orc priest
Aim: an orc priest, wielding a +0 flail and wearing a +0 leather armour The sticky flame hits the orc priest.
The orc priest is lightly wounded.
The orc priest is covered in liquid flames!
The orc priest burns!
The foxfire hits the orc priest.
The orc priest is heavily wounded.
The foxfire hits the orc priest.
The orc priest is severely wounded.
The orc closely misses you.
The orc priest calls down the wrath of Beogh upon you.
Beogh smites you!
* * * LOW HITPOINT WARNING * * *
Okay, then.
You hit the orc priest.
The orc priest is severely wounded.
The orc priest burns!
The orc hits you with a +0 flail.
* * * LOW HITPOINT WARNING * * *
The orc priest hits you with a +0 flail!
You die...

...................#....##...
...................#....##...
...................#.........
..####.##...##....##.<......
#.########'####..o.....
#.......#....##...##...
#.......'....##...##...
#....ยง..#..............
#<....@##....##........
#....oo##....##........
#.......)....##...##...
##.....##....##...##...
#.....##....#....#.... {
{#...........#....#....
#...........#....#....
#.....##....##...#....
#.....###+####...'....


You could see an orc priest (burning) and an orc.

Vanquished Creatures
  A phantom (D:4)
  An ogre (D:3)
  3 orc priests
  A gnoll shaman (D:4)
  5 orc wizards (D:4)
  A worker ant (D:5)
  9 gnolls
  3 adders (D:3)
  A worm (D:3)
  An adder skeleton (D:4)
  A dart slug (D:3)
  A leopard gecko (D:2)
  20 orcs
  7 ball pythons (D:3)
  13 bats
  4 giant cockroaches
  2 goblins
  6 hobgoblins
  4 jackals (D:3)
  6 frilled lizards
  9 kobolds
  8 rats
107 creatures vanquished.

Vanquished Creatures (others)
  298 foxfires
298 creatures vanquished.

Grand Total: 405 creatures vanquished

Notes
Turn   | Place    | Note
-------+----------+-------------------------------------------
     0 | D:1      | Joeren the Formicid Fire Elementalist began the quest for
                  | the Orb.
     0 | D:1      | Reached XP level 1. HP: 13/13 MP: 3/3
    30 | D:1      | Reached skill level 1 in Conjurations
   336 | D:1      | Reached XP level 2. HP: 19/19 MP: 1/5
   580 | D:1      | Found a shattered altar of Ashenzari.
  1316 | D:2      | Reached XP level 3. HP: 20/24 MP: 4/6
  1325 | D:2      | Learned a level 3 spell: Conjure Flame
  1951 | D:3      | You fall into a shaft and drop 3 floors!
  1989 | D:5      | Entered Level 5 of the Dungeon
  2217 | D:5      | Noticed a centaur
  2220 | D:5      | Noticed a centaur
  2270 | D:5      | Reached XP level 4. HP: 18/30 MP: 1/8
  2433 | D:4      | Reached XP level 5. HP: 9/35 MP: 5/10
  2447 | D:4      | HP: 2/52 [orc wizard/magic dart (8)]
  2779 | D:4      | Reached XP level 6. HP: 41/41 MP: 7/11
  2820 | D:4      | Learned a level 4 spell: Sticky Flame
  3157 | D:4      | Noticed Duvessa
  3379 | D:3      | Noticed an ogre
  3388 | D:3      | Killed an ogre
  3388 | D:3      | Reached XP level 7. HP: 46/46 MP: 7/13
  3747 | D:3      | Reached skill level 5 in Fire Magic
  3994 | D:4      | Noticed Dowan
  4042 | D:3      | Found a white marble altar of Elyvilon.
  4105 | D:3      | Found an opulent altar of Gozag.
  4186 | D:3      | Found a basalt altar of Yredelemnul.
  4856 | D:4      | Reached skill level 5 in Spellcasting
  5121 | D:5      | HP: 2/46 [orc/+0 flail (4)]
  5121 | D:5      | Mangled by an orc priest

Illustrated notes

Levels and vault maps discovered:
D:1:      nicolae_arrival_somewhat_less_tricky_arrival, layout_basic,
          supply_closet_lemuel, ashenzari_altar_1
D:2:      layout_loops_ring
D:3:      layout_loops_ring, kennysheep_ying_yang,
          lemuel_coloured_pillars_altar, minmay_shallow_snake_nest
D:4:      layout_basic, first_ration, uniq_duvessa
D:5:      layout_gridville, gammafunk_temple_overflow_statue,
          portal_sewer_entry_b, minmay_manual_mail, uniq_blork_the_orc
D:6:      layout_gridville, minmay_temple_entry_nine_rooms, uniq_menkaure,
          uniq_eustachio

Skill      XL: |  1  2  3  4  5  6  7 |
---------------+----------------------+-----
Conjurations   | 1 2 3 4 |  4.2
Spellcasting   | 3 4 5 |  5.0
Fire Magic     | 4 5 |  5.5
Dodging        | |  1.7
Stealth        | |  2.4

Action                   |  1- 3 |  4- 6 |  7- 9 || total
-------------------------+-------+-------+-------++-------
Melee: Dagger            |    12 |    48 |    45 ||   105
Throw: Stone             |     3 |       |     1 ||     4
       Dart              |     1 |     9 |       ||    10
 Cast: Foxfire           |    62 |    51 |    84 ||   197
       Conjure Flame     |       |     2 |     3 ||     5
       Sticky Flame      |       |       |     1 ||     1
  Use: Scroll            |     4 |     2 |       ||     6
       Potion            |       |     6 |       ||     6
  Eat: Chunk             |     4 |     4 |     6 ||    14
Armor: Robe              |     6 |     6 |    10 ||    22
       Skin              |       |     9 |       ||     9
Dodge: Dodged            |    20 |    25 |    33 ||    78
Block: Other             |     4 |    20 |    13 ||    37
       Reflection        |       |     2 |       ||     2
